 Dungeon Crawl Stone Soup version 0.31-a0-182-gc5ef74bbde (webtiles) character file.

Game seed: 7463691966276155975

399 frimble the Trooper (level 6, -5/44 HPs)
             Began as an Octopode Warper on June 20, 2023.
             Slain by Eustachio
             ... wielding a +0 rapier of speed
              (10 damage)
             ... on level 4 of the Dungeon.
             The game lasted 00:03:33 (4309 turns).

frimble the Trooper (Octopode Warper)               Turns: 4309, Time: 00:03:33

Health: -5/44      AC:  1    Str: 12      XL:     6   Next: 84%
Magic:  9/9        EV: 13    Int: 16      God:
Gold:   163        SH:  0    Dex:  9 (11) Spells: 4/9 levels left

rFire   . .          .
                       - Unarmed
rCold   . . .        (no shield)
rNeg    . . .        (helmet restricted)
rPois   .            (no amulet)
rElec   .            (no ring)
rCorr   .            (no ring)
SInv    .            (no ring)
Will    .....        (no ring)
Stlth   ++           (no ring)
HPRegen 0.27/turn    (no ring)
MPRegen 0.11/turn    (no ring)
                     (no ring)

%: no passive effects
@: no status effects
A: almost no armour, amphibious, 8 rings, camouflage 1, gelatinous body 1,
(nimble swimmer 1), tentacles
a: no special abilities


You were on level 4 of the Dungeon.
You visited 1 branch of the dungeon, and saw 5 of its levels.

You collected 163 gold pieces.

Inventory:

Missiles
 b - 4 boomerangs of dispersal (quivered)
 d - 6 boomerangs
 m - 3 poisoned darts
Wands
 i - a wand of polymorph (9)
Scrolls
 a - a scroll of blinking
 c - a scroll of poison
 k - 4 scrolls of identify
 o - a scroll of amnesia
 r - a scroll of brand weapon {unknown}
Potions
 e - 2 potions of curing {unknown}
 f - 2 potions of attraction {unknown}
 g - a potion of magic {unknown}
 h - a potion of cancellation {unknown}
 j - 2 potions of lignification {unknown}
 l - a potion of degeneration {unknown}
 n - a potion of enlightenment {unknown}
 p - a potion of heal wounds
 q - a potion of might {unknown}


   Skills:
 + Level 4.6 Fighting
 - Level 1.0 Throwing
 - Level 2.3 Dodging
 + Level 4.6 Unarmed Combat
 - Level 2.0 Spellcasting
 - Level 3.0 Translocations
 + Level 2.8 Ice Magic


You had 4 spell levels left.
You knew the following spells:

 Your Spells              Type           Power      Damage    Failure   Level
a - Blink                 Tloc           22%        N/A       9%          2
b - Ozocubu's Armour      Ice            10%        N/A       21%         3

Your spell library contained the following spells:

 Spells                   Type           Power      Damage    Failure   Level
 Lesser Beckoning         Tloc           22%        N/A       9%          2
 Teleport Other           Tloc           11%        N/A       19%         3
 Necrotise                Necr           4%         1d4       21%         1
 Vhi's Electric Charge    Tloc/Air       12%        N/A       32%         3
 Vampiric Draining        Necr           1%         2d6       52%         3
 Manifold Assault         Tloc           11%        N/A       52%         4
 Agony                    Necr           1%         N/A       99%         5
 Ozocubu's Refrigeration  Ice            5%         4d8       100%        7


Dungeon Overview and Level Annotations

Branches:
Dungeon (5/15)
 Temple: D:4-7

Altars:

Annotations:
D:3 3 runed translucent doors, TittyCrusher's ghost, amateur OpEE
D:4 Eustachio


Innate Abilities, Weirdness & Mutations

You cannot wear most types of armour.
You are amphibious.
You can wear up to eight rings at the same time.
Your skin changes colour to match your surroundings (Stealth+).
Your rubbery body absorbs attacks. (AC +1, EV +1)
((You are camouflaged when in or above water. (Stealth+)))
You have tentacles for arms and can constrict up to eight enemies at once.


Message History

The white imp closely misses you. The quasit bites you.
You feel clumsy. The quasit barely misses you.
The quasit claws you but does no damage.
Aiming: Polymorph
Press: ? - help, Shift-Dir - straight line, f/p - Eustachio
Aim: Eustachio, wielding a +0 rapier of speed and wearing a +0 leather armour (will become a boggart, a worm, or a goblin, chance to affect: 49%)
Okay, then.
Unknown command.
You tentacle-slap the quasit but do no damage.
The quasit is moderately wounded.
You constrict the quasit. The quasit barely misses you.
The quasit completely misses you. The quasit claws you.
The white imp hits you but does no damage.
You tentacle-slap the quasit.
The quasit is severely wounded.
You constrict the quasit.
The quasit bites you but does no damage.
The quasit closely misses you. The quasit misses you.
The white imp barely misses you. The quasit bites you.
The quasit completely misses you. The quasit claws you.
You tentacle-slap the quasit but do no damage.
You squeeze the quasit.
You kill the quasit!
The quasit disappears in a puff of smoke!
The white imp hits you. The white imp freezes you.
You tentacle-slap the white imp but do no damage.
You grab the white imp. You squeeze the white imp.
The white imp is lightly wounded.
You constrict the white imp. The white imp hits you. The white imp freezes you.
You barely miss Eustachio. Your grab misses Eustachio.
You constrict the white imp, but do no damage.
Eustachio hits you with a +0 rapier of speed!
* * * LOW HITPOINT WARNING * * *
The white imp hits you.
* * * LOW HITPOINT WARNING * * *
The white imp freezes you.
* * * LOW HITPOINT WARNING * * *
Eustachio hits you with a +0 rapier of speed!
You die...

# #........# #.### #
#........# #.# #
#####........# #.# #
#............# #.# #
#........#...# #°#
###........#...# ##°#
.##........#...###○☼#
..#........#...##○°##
.....###########@°##
.###.## #5@## ..##..#
°..## .####.# §§☼○.
.# #.# #§°○☼☼ .# #.#
..§○§○. .# #..
○☼°°○§. .#####.


°○°°°☼○ ....?..........:.# You could see Eustachio and a white imp (summoned).

Vanquished Creatures
  Sigmund (D:2)
  An iguana (D:4)
  Jessica (D:2)
  Terence (D:2)
  Robin (D:3)
  6 adders
  4 worms
  3 dart slugs
  2 orcs (D:3)
  7 ball pythons
  6 endoplasms
  5 giant cockroaches
  9 goblins
  9 hobgoblins
  5 jackals
  2 kobolds
  6 quokkas
  10 bats
  3 frilled lizards
  6 rats
88 creatures vanquished.

Notes
Turn   | Place    | Note
-------+----------+-------------------------------------------
     0 | D:1      | frimble the Octopode Warper began the quest for the Orb.
     0 | D:1      | Reached XP level 1. HP: 14/14 MP: 3/3
   218 | D:1      | Reached XP level 2. HP: 15/20 MP: 5/5
  1094 | D:2      | Reached XP level 3. HP: 18/25 MP: 6/6
  1260 | D:2      | Noticed Jessica
  1265 | D:2      | Killed Jessica
  1266 | D:2      | Reached XP level 4. HP: 22/31 MP: 7/7
  1506 | D:2      | Learned a level 2 spell: Blink
  1519 | D:2      | Learned a level 3 spell: Ozocubu's Armour
  1720 | D:2      | Noticed Terence
  1738 | D:2      | Killed Terence
  1739 | D:2      | Reached XP level 5. HP: 22/36 MP: 2/8
  1812 | D:2      | Noticed Sigmund
  1820 | D:2      | Killed Sigmund
  1821 | D:2      | Reached XP level 6. HP: 28/43 MP: 9/9
  2711 | D:3      | Noticed Robin
  2754 | D:3      | Killed Robin
  3067 | D:3      | You fall into a shaft and drop 2 floors!
  3067 | D:5      | Entered Level 5 of the Dungeon
  3160 | D:4      | Noticed Eustachio
  3517 | D:3      | Found a runed translucent gate.
  3518 | D:3      | Found a runed translucent gate.
  3519 | D:3      | Found a runed translucent gate.
  3519 | D:3      | Noticed TittyCrusher's ghost (amateur OpEE)
  4309 | D:4      | Slain by Eustachio

Illustrated notes

Levels and vault maps discovered:
D:1:      co_arrival_random_square_maze, layout_basic, grunt_decor_fettered
D:2:      minmay_chambers_of_twos, layout_loops_ring, small_statue_intersection,
          uniq_terence, uniq_jessica, uniq_sigmund
D:3:      layout_loops_ring, gammafunk_ghost_nasty_kobolds,
          nicolae_figureground_pulse, uniq_robin
D:4:      layout_basic, kennysheep_donut, uniq_eustachio
D:5:      layout_cave_pods, corexii_shack, uniq_blork_the_orc, uniq_duvessa

Skill      XL: |  1  2  3  4  5 |
---------------+----------------+-----
Fighting       | 3 4 |  4.6
Unarmed Combat | 3 4 |  4.6
Ice Magic      | 2 |  2.8
Throwing       | |  1.0
Dodging        | |  2.3
Spellcasting   | |  2.0
Translocations | |  3.0

Action                     |  1- 3 |  4- 6 || total
---------------------------+-------+-------++-------
  Melee: Unarmed           |    64 |   180 ||   244
         Constrict         |    20 |    41 ||    61
         Tentacles         |    10 |    40 ||    50
         Punch             |     2 |     8 ||    10
  Throw: Boomerang         |       |     3 ||     3
   Cast: Ozocubu's Armour  |       |     3 ||     3
    Use: Scroll            |     2 |     5 ||     7
         Potion            |       |     1 ||     1
   Stab: Sleeping          |     4 |     8 ||    12
 Armour: Skin              |     9 |    21 ||    30
  Dodge: Dodged            |    41 |    99 ||   140

Table legend: (Time is in decaauts)
 A = Elapsed time spent in this place.
 B = Non-inter-level travel time spent in this place.
 C = Inter-level travel time spent in this place.
 D = Time resting spent in this place.
 E = Time spent auto-exploring this place.
 F = Levels seen in this place.
 G = Mean time per level.
                   A        B        C        D        E       F      G
               +--------+--------+--------+--------+--------+-----+--------+
         Total |   4291 |   4144 |    147 |    100 |   3426 |   5 |  858.2 |
       Dungeon |   4291 |   4144 |    147 |    100 |   3426 |   5 |  858.2 |
               +--------+--------+--------+--------+--------+-----+--------+

Top non-repeatable levels by time:
     D:2: 1350 daAuts
     D:1: 1040 daAuts
     D:3: 983 daAuts
     D:4: 890 daAuts
     D:5: 24 daAuts
